 Dungeon Crawl Stone Soup version 0.22-a0-455-ga0624bf (webtiles) character file.

396 KristoblXynda the Chopper (level 6, -6/55 HPs)
             Began as a Deep Dwarf Fighter on June 5, 2018.
             Mangled by an ogre
             ... wielding a +0 giant club
              (26 damage)
             ... on level 4 of the Dungeon.
             The game lasted 00:05:17 (2536 turns).

KristoblXynda the Chopper (Deep Dwarf Fighter)      Turns: 2536, Time: 00:05:18

Health: -6/55      AC: 10    Str: 21    XL:     6   Next: 52%
Magic:  6/6        EV:  7    Int:  9    God:
Gold:   205        SH: 11    Dex: 12    Spells: 5/5 levels left

rFire    . . .     SeeInvis .   a - +1 war axe
rCold    . . .     Gourm    .   c - +1 shield
rNeg     + . .     Faith    .   b - +0 scale mail
rPois    .         Spirit   .   l - +1 helmet
rElec    .         Reflect  .   k - +0 cloak
rCorr    .         Harm     .   (no gloves)
MR       .....                  (no boots)
Stlth    ..........             (no amulet)
HPRegen  0.00/turn              (no ring)
MPRegen  0.10/turn              h - ring of positive energy

@: non-regenerating
A: damage resistance, heal wounds, sense surroundings 1, no regeneration
a: Heal Wounds


You were on level 4 of the Dungeon.
You were hungry.

You visited 1 branch of the dungeon, and saw 4 of its levels.

You collected 205 gold pieces.

Inventory:

Hand Weapons
 a - a +1 war axe (weapon)
Armour
 b - a +0 scale mail (worn)
 c - a +1 shield (worn)
 k - a +0 cloak (worn)
 l - a +1 helmet (worn)
Jewellery
 h - a ring of positive energy (right hand)
 p - an uncursed ring of magical power {unknown}
Scrolls
 g - 3 scrolls of remove curse
 i - a scroll of fear
 q - a scroll of enchant armour
Potions
 d - a potion of flight {unknown}
 e - a potion of mutation {unknown}
 j - 2 potions of lignification {unknown}
 m - a potion of brilliance {unknown}
 n - 4 potions of heal wounds
 r - a potion of ambrosia {unknown}
Comestibles
 f - 8 rations


   Skills:
 - Level 2.6 Fighting
 * Level 5.7 Axes
 + Level 4.9 Armour
 + Level 4.9 Shields


You had 5 spell levels left.
You didn't know any spells.
Your spell library was empty.

Dungeon Overview and Level Annotations

Branches:
Dungeon (4/15)
 Temple: D:4-7

Altars:
Hepliaklqana
Uskayaw
Wu Jian

Annotations:
D:4 pk666's ghost, novice DEFE


Innate Abilities, Weirdness & Mutations

You are resistant to damage.
You can heal yourself by infusing magical energy.
You passively map a small area around you.
You do not regenerate.


Message History

Unknown command.
You hit the ogre.
The ogre is moderately wounded.
Something unseen opens the door.
You block the ogre's attack.
Unknown command.
You slash the ogre!
The ogre is severely wounded.
The ogre hits you with a giant club!
You hit the ogre but do no damage.
The ogre is severely wounded.
The phantom blinks!
You block the phantom's attack. You block the ogre's attack.
You hit the ogre.
The ogre is almost dead.
You barely miss the phantom. You block the phantom's attack.
You hit the ogre.
The ogre is almost dead.
Your shield prevents you from hitting the phantom.
The ogre hits you with a giant club!!
You die...

, * **,, ..
#........#
*<##.##(.......#
* #.............#
,
..............##
* **
#.?.............
*
....)..........#,
* ,
.........W.....#
* ,
*#...@O......, ##
,
......#<###ยง##.#
.. #.### ###
#.##.###.* , ,,,
#.##.#..,
#.##.#.# , *
#<...#.# , ,
##....)# , *, ,
#.....### , ,,
#.......#


You could see a phantom and an ogre.

Vanquished Creatures
  Sigmund (D:3)
  Terence (D:3)
  A worker ant (D:4)
  Robin (D:3)
  9 gnolls
  2 oozes
  A worm (D:2)
  A leopard gecko (D:2)
  4 giant cockroaches
  24 goblins
  7 hobgoblins
  4 quokkas
  2 ball pythons
  7 bats
  6 frilled lizards
  A jackal skeleton (D:4)
  7 kobolds
  8 rats
87 creatures vanquished.

Notes
Turn   | Place    | Note
-------+----------+-------------------------------------------
     0 | D:1      | KristoblXynda the Deep Dwarf Fighter began the quest for the Orb.
     0 | D:1      | Reached XP level 1. HP: 20/20 MP: 1/1
   239 | D:1      | Reached XP level 2. HP: 27/27 MP: 2/2
   463 | D:1      | Reached skill level 3 in Axes
   735 | D:1      | Found a hazy altar of Hepliaklqana.
   786 | D:1      | Reached XP level 3. HP: 23/33 MP: 3/3
  1039 | D:2      | Found an ornate altar of the Wu Jian Council.
  1531 | D:2      | Reached XP level 4. HP: 8/40 MP: 4/4
  1722 | D:3      | Noticed Robin
  1727 | D:3      | Killed Robin
  1727 | D:3      | Reached skill level 4 in Axes
  1896 | D:3      | Noticed a hand axe
  1897 | D:3      | Noticed a dagger
  1899 | D:3      | Noticed Sigmund
  1900 | D:3      | Found a hide-covered altar of Uskayaw.
  1916 | D:3      | Killed Sigmund
  1916 | D:3      | Reached skill level 5 in Axes
  1916 | D:3      | Reached XP level 5. HP: 31/46 MP: 5/5
  1916 | D:3      | Reached XP level 6. HP: 38/55 MP: 6/6
  2137 | D:3      | Noticed Terence
  2147 | D:3      | Killed Terence
  2378 | D:3      | Found a faded altar of an unknown god.
  2475 | D:4      | Noticed pk666's ghost (novice DEFE)
  2536 | D:4      | Mangled by an ogre

Vault maps used:
D:1:      sevenhm_arrival_forest_fort_small_6, minmay_quantized
D:2:      lemuel_round_altar, grunt_ministairs_6
D:3:      cheibrodos_greedy_goblins, dancing_weapons_uskayaw,
          chequers_ecumenical_altar_twisty, first_ration, uniq_robin,
          uniq_sigmund, uniq_terence
D:4:      yredelemnul_forgotten_temple_becter, temple_hall

Skill      XL: |  1  2  3  4 |
---------------+-------------+-----
Axes           | 3 5 |  5.7
Armour         | 4 |  4.9
Shields        | 4 |  4.9
Fighting       | |  2.6

Action                   |  1- 3 |  4- 6 || total
-------------------------+-------+-------++-------
Melee: War axe           |    90 |   112 ||   202
 Abil: Heal Wounds       |       |     1 ||     1
  Use: Scroll            |     6 |       ||     6
       Potion            |       |     2 ||     2
  Eat: Chunk             |     1 |     4 ||     5
Armor: Scale mail        |    59 |    37 ||    96
Dodge: Dodged            |    14 |    33 ||    47
Block: Shield            |    70 |    74 ||   144

Table legend:
 A = Spawn XP
 B = Non-spawn XP
 C = Spawn XP percentage of total XP
 D = Spawn monster count
 E = Non-spawn monster count
 F = Spawn count percentage of total count
 G = Total turns spent on level
                    A         B        C        D         E        F      G
               +---------+---------+-------+---------+---------+-------+---------
         Total |       0 |     566 |   0.0 |       0 |      87 |   0.0 |  2536
               +---------+---------+-------+---------+---------+-------+---------
           D:1 |       0 |      43 |   0.0 |       0 |      20 |   0.0 |   842
           D:2 |       0 |      46 |   0.0 |       0 |      19 |   0.0 |   794
           D:3 |       0 |     444 |   0.0 |       0 |      46 |   0.0 |   870
           D:4 |       0 |      33 |   0.0 |       0 |       2 |   0.0 |    30
               +---------+---------+-------+---------+---------+-------+---------
